Nordiques vs Kings
Created - November 13, 2019 at 19:56
Goals
|
| Nordiques |
0 |
1 |
0 |
1 |
| Kings |
3 |
2 |
1 |
6 |
|
Shots
|
| Nordiques |
12 |
9 |
7 |
28 |
| Kings |
13 |
9 |
11 |
33 |
|
1st period
1. Kings , Matt Stajan 1 (Daniel Carcillo 3, Brent Burns 5) at 1:06 (PP)
2. Kings , Jordan Nolan 2 (Claude Giroux 11, Anze Kopitar 13) at 5:48
3. Kings , Claude Giroux 10 (Anze Kopitar 14, Maxim Afinogenov 4) at 9:18
Penalties :
Dustin Byfuglien (Que) for Slashing (Minor) at 0:15, Anze Kopitar (LAK) for Goalie Interference (Minor) at 18:16
2nd period
4. Kings , Daniel Carcillo 4 (Matt Stajan 1) at 3:15
5. Nordiques , Evander Kane 11 (Jay Bouwmeester 8) at 12:30 (PP)
6. Kings , Anze Kopitar 7 (Claude Giroux 12, Matt Martin 4) at 12:54
Penalties :
Darnell Nurse (LAK) for Holding (Minor) at 11:09, James Sheppard (Que) for High sticking (Minor) at 18:47
3rd period
7. Kings , Matt Stajan 2 (Hampus Lindholm 3) at 14:37
Penalties :
Matt Martin (LAK) for Tripping (Minor) at 4:04, Dustin Byfuglien (Que) for Tripping (Minor) at 8:27, Loui Eriksson (LAK) for Holding (Minor) at 16:11, Evander Kane (Que) for Hooking (Minor) at 19:19
Goalie Stats
Jonathan Quick (Que), 27 saves from 33 shots - (0.818), L, 1-3-1, 60:00 minutes
Philipp Grubauer (LAK), 27 saves from 28 shots - (0.964), W, 5-3-0, 60:00 minutes
Players Stats for Nordiques
Player Name G A P +/- PIM S H SB GA TA FO MP PP MP PK MP
------------------------------------------------------------------------------------
Adam Pineault 0 0 0 -3 0 2 0 0 0 0 0/1 15:48 3:14 0:00
David Legwand 0 0 0 -1 0 3 1 1 0 0 23/35 23:22 4:04 1:55
Dustin Byfuglien 0 0 0 -1 4 1 3 1 0 2 0/0 18:59 2:46 0:51
Evander Kane 1 0 1 -1 2 6 0 0 0 0 1/1 21:34 4:04 1:00
Fedor Tyutin 0 0 0 -1 0 0 0 0 0 1 0/0 17:16 2:46 0:49
James Sheppard 0 0 0 -1 2 3 0 0 0 0 0/1 14:01 3:14 0:00
Jay Bouwmeester 0 1 1 -3 0 1 1 0 0 0 0/0 21:53 4:32 0:00
Jiri Hudler 0 0 0 0 0 2 1 0 1 0 0/0 8:57 0:00 1:04
Maxim Talbot 0 0 0 -3 0 0 2 0 0 1 6/15 17:02 0:01 3:25
Mike Brown 0 0 0 -1 0 2 0 0 0 0 1/1 9:52 0:00 0:00
Mike Fisher 0 0 0 -1 0 1 0 0 0 0 1/2 10:01 0:00 0:09
Paul Gaustad 0 0 0 0 0 2 1 0 0 0 4/6 9:35 3:13 0:00
R.J. Umberger 0 0 0 -3 0 1 0 0 2 0 1/1 16:36 0:00 3:25
Ryan Ellis 0 0 0 -3 0 1 0 2 1 0 0/0 26:12 4:32 3:33
T.J. Fast 0 0 0 -1 0 1 0 1 0 0 0/0 17:14 0:00 1:56
Trevor Daley 0 0 0 -1 0 0 0 1 1 1 0/0 18:47 0:00 3:49
Vladimir Tarasenko 0 0 0 -1 0 2 2 1 2 0 0/2 20:35 4:04 0:00
Zac Rinaldo 0 0 0 0 0 0 1 0 0 0 0/0 6:43 0:00 0:00
Players Stats for Kings
Player Name G A P +/- PIM S H SB GA TA FO MP PP MP PK MP
------------------------------------------------------------------------------------
Anze Kopitar 1 2 3 2 2 3 2 0 0 0 15/32 21:30 3:05 1:28
Brent Burns 0 1 1 0 0 2 0 0 1 0 0/0 20:35 2:02 2:04
Brian McGrattan 0 0 0 0 0 0 0 0 0 0 0/0 7:36 0:00 1:15
Claude Giroux 1 2 3 2 0 9 3 0 3 0 0/0 21:31 3:05 1:44
Dan Hamhuis 0 0 0 3 0 0 0 0 0 0 0/0 15:45 0:00 2:00
Daniel Carcillo 1 1 2 2 0 2 4 1 0 1 1/3 18:00 2:24 4:28
Darnell Nurse 0 0 0 0 2 2 1 2 0 2 0/0 24:01 3:27 4:14
Darroll Powe 0 0 0 0 0 1 1 0 0 0 0/0 6:21 0:00 0:00
Hampus Lindholm 0 1 1 2 0 2 0 2 0 1 0/0 19:46 3:27 0:00
Jon Merrill 0 0 0 3 0 1 0 0 0 1 0/0 18:23 0:00 4:18
Jordan Nolan 1 0 1 1 0 1 2 1 0 0 7/11 16:41 3:02 0:15
Kevin Hayes 0 0 0 2 0 1 0 0 0 1 0/2 13:16 2:24 0:00
Loui Eriksson 0 0 0 1 2 1 1 1 1 0 0/1 12:58 0:00 0:00
Matt Martin 0 1 1 2 2 1 0 0 0 0 1/1 15:52 0:00 0:00
Matt Stajan 2 1 3 2 0 3 1 1 0 0 4/14 18:34 2:24 4:32
Maxim Afinogenov 0 1 1 1 0 2 1 0 0 1 0/1 12:59 0:03 0:00
Peter Worrell 0 0 0 0 0 1 1 0 0 0 0/0 7:21 0:00 0:54
Radko Gudas 0 0 0 2 0 1 1 3 0 0 0/0 21:29 2:02 2:00
3 Stars
1 - Matt Stajan (LAK)
2 - Claude Giroux (LAK)
3 - Daniel Carcillo (LAK)
Power Play
Nordiques - 1 on 4 Attempt(s) - 25.00%
Kings - 1 on 4 Attempt(s) - 25.00%
Penalty Kill
Nordiques - 3 on 4 Attempt(s) - 75.00%
- Score 0 goal in Penalty Kill
Kings - 3 on 4 Attempt(s) - 75.00%
- Score 0 goal in Penalty Kill
Team Stat
Nordiques - Hits : 12 - Faceoff Wins : 37 - Blocked Shots : 7 - Penalty Minutes : 8
Kings - Hits : 18 - Faceoff Wins : 28 - Blocked Shots : 11 - Penalty Minutes : 8
Official
Referees : Unknown
Linesman : Unknown
Game Notes
19:53 of 1st period - Nordiques goal is going for a video replay. After video review, No Goal. The puck has been kicked using a distinct kicking motion.
Finance
Level 1 -- Attendance: 4529 (75.48%) -- Ticket Income $543,480
Level 2 -- Attendance: 3723 (74.46%) -- Ticket Income $279,225
Level 3 -- Attendance: 1552 (77.60%) -- Ticket Income $69,840
Level 4 -- Attendance: 4000 (100.00%) -- Ticket Income $120,000
Luxury Box -- Attendance: 997 (99.70%) -- Ticket Income $179,460
Game was played at the Staples Center.
Total Attendance: 14801 (82.23%)
Total Ticket Income: $1,192,005
Other Income: $178,801
Total Income: $1,370,806
Nordiques
5 vs 5 Forward
Center Left Wing Right Wing Time % Phy DF OF
1 David Legwand Evander Kane Vladimir Tarasenko 40 0 1 4
2 Maxim Talbot R.J. Umberger Adam Pineault 30 0 1 4
3 Mike Fisher James Sheppard Mike Brown 20 1 1 3
4 Paul Gaustad Zac Rinaldo Jiri Hudler 10 2 1 2
5 vs 5 Defense
Defense Defense Time % Phy DF OF
1 Jay Bouwmeester Ryan Ellis 40 1 3 1
2 Fedor Tyutin Dustin Byfuglien 30 1 3 1
3 T.J. Fast Trevor Daley 20 1 3 1
4 Ryan Ellis Dustin Byfuglien 10 1 3 1
PowerPlay Forward
Center Left Wing Right Wing Time % Phy DF OF
1 David Legwand Evander Kane Vladimir Tarasenko 60 0 0 5
2 Paul Gaustad James Sheppard Adam Pineault 40 0 0 5
PowerPlay Defense
Defense Defense Time % Phy DF OF
1 Ryan Ellis Jay Bouwmeester 60 0 2 3
2 Fedor Tyutin Dustin Byfuglien 40 0 2 3
Penalty Kill 4 Players Forward
Center Wing Time % Phy DF OF
1 Maxim Talbot R.J. Umberger 60 1 3 1
2 David Legwand Jiri Hudler 40 1 3 1
Penalty Kill 4 Players Defense
Defense Defense Time % Phy DF OF
1 Ryan Ellis Trevor Daley 60 1 4 0
2 T.J. Fast Dustin Byfuglien 40 1 4 0
Penalty Kill - 3 Players Forward
Forward Time % Phy DF OF
1 Maxim Talbot 60 2 3 0
2 David Legwand 40 2 3 0
Penalty Kill - 3 Players Defense
Defense Defense Time % Phy DF OF
1 Ryan Ellis Trevor Daley 60 1 4 0
2 T.J. Fast Dustin Byfuglien 40 1 4 0
4 vs 4 Forward
Center Wing Time % Phy DF OF
1 Maxim Talbot R.J. Umberger 60 1 1 3
2 David Legwand Vladimir Tarasenko 40 1 1 3
4 vs 4 Defense
Defense Defense Time % Phy DF OF
1 Trevor Daley Ryan Ellis 60 1 3 1
2 Jay Bouwmeester Dustin Byfuglien 40 1 3 1
Last Minutes Offensive
Center Left Wing Right Wing Defense Defense
Vladimir Tarasenko Evander Kane David Legwand Jay Bouwmeester Ryan Ellis
Last Minutes Defensive
Center Left Wing Right Wing Defense Defense
Maxim Talbot R.J. Umberger Jiri Hudler Dustin Byfuglien Ryan Ellis
Goaltenders
Starting : Jonathan Quick
Backup : Julien Ellis
Extra Forwards
Normal : David Legwand, Vladimir Tarasenko, Evander Kane - PP : David Legwand, Vladimir Tarasenko - PK : David Legwand
Extra Defensemen
Normal : Ryan Ellis, Trevor Daley, Jay Bouwmeester - PP : Ryan Ellis - PK : Trevor Daley, Ryan Ellis
Penalty Shots
David Legwand, Vladimir Tarasenko, Evander Kane, R.J. Umberger, Maxim Talbot
Scratches
Cody McLeod (Healthy), Matt Gilroy (Healthy)
Kings
5 vs 5 Forward
Center Left Wing Right Wing Time % Phy DF OF
1 Anze Kopitar Matt Martin Claude Giroux 40 1 2 2
2 Jordan Nolan Loui Eriksson Maxim Afinogenov 30 1 2 2
3 Matt Stajan Daniel Carcillo Kevin Hayes 25 1 2 2
4 Darroll Powe Peter Worrell Brian McGrattan 5 3 2 0
5 vs 5 Defense
Defense Defense Time % Phy DF OF
1 Brent Burns Darnell Nurse 35 1 2 2
2 Hampus Lindholm Radko Gudas 35 1 2 2
3 Dan Hamhuis Jon Merrill 30 1 2 2
4 Darnell Nurse Radko Gudas 0 1 2 2
PowerPlay Forward
Center Left Wing Right Wing Time % Phy DF OF
1 Anze Kopitar Jordan Nolan Claude Giroux 60 1 1 3
2 Matt Stajan Daniel Carcillo Kevin Hayes 40 1 1 3
PowerPlay Defense
Defense Defense Time % Phy DF OF
1 Hampus Lindholm Darnell Nurse 60 0 2 3
2 Brent Burns Radko Gudas 40 0 2 3
Penalty Kill 4 Players Forward
Center Wing Time % Phy DF OF
1 Matt Stajan Daniel Carcillo 60 1 3 1
2 Claude Giroux Anze Kopitar 40 1 3 1
Penalty Kill 4 Players Defense
Defense Defense Time % Phy DF OF
1 Darnell Nurse Jon Merrill 60 1 4 0
2 Radko Gudas Dan Hamhuis 40 1 4 0
Penalty Kill - 3 Players Forward
Forward Time % Phy DF OF
1 Claude Giroux 60 1 3 1
2 Anze Kopitar 40 1 3 1
Penalty Kill - 3 Players Defense
Defense Defense Time % Phy DF OF
1 Jon Merrill Darnell Nurse 60 1 4 0
2 Dan Hamhuis Radko Gudas 40 1 4 0
4 vs 4 Forward
Center Wing Time % Phy DF OF
1 Claude Giroux Anze Kopitar 60 1 2 2
2 Jordan Nolan Maxim Afinogenov 40 1 1 3
4 vs 4 Defense
Defense Defense Time % Phy DF OF
1 Brent Burns Radko Gudas 60 1 2 2
2 Hampus Lindholm Jon Merrill 40 1 2 2
Last Minutes Offensive
Center Left Wing Right Wing Defense Defense
Anze Kopitar Matt Martin Claude Giroux Hampus Lindholm Brent Burns
Last Minutes Defensive
Center Left Wing Right Wing Defense Defense
Anze Kopitar Matt Martin Claude Giroux Jon Merrill Radko Gudas
Goaltenders
Starting : Philipp Grubauer
Backup : Antti Niemi
Extra Forwards
Normal : Anze Kopitar, Jordan Nolan, Matt Stajan - PP : Maxim Afinogenov, Loui Eriksson - PK : Brian McGrattan
Extra Defensemen
Normal : Hampus Lindholm, Brent Burns, Radko Gudas - PP : Jon Merrill - PK : Brent Burns, Hampus Lindholm
Penalty Shots
Claude Giroux, Loui Eriksson, Anze Kopitar, Jordan Nolan, Matt Stajan
Scratches
Martin Jones (Healthy)
% Time on Ice - Nordiques
Lines # - Real PCT - Wanted PCT - Time Play
Normal Forward
1 - 36% - 40% - 16:54
2 - 29% - 30% - 13:44
3 - 21% - 20% - 9:52
4 - 14% - 10% - 6:43
Normal Defense
1 - 37% - 40% - 17:36
2 - 29% - 30% - 13:41
3 - 30% - 20% - 14:06
4 - 4% - 10% - 1:50
PP Forward
1 - 56% - 60% - 4:04
2 - 44% - 40% - 3:14
PP Defense
1 - 62% - 60% - 4:32
2 - 38% - 40% - 2:46
PK Forward
1 - 81% - 60% - 4:25
2 - 19% - 40% - 1:04
PK Defense
1 - 65% - 60% - 3:33
2 - 35% - 40% - 1:56
PK3 Forward
1 - 0% - 60%
2 - 0% - 40%
PK3 Defense
1 - 0% - 60%
2 - 0% - 40%
44 Forward
1 - 0% - 60%
2 - 0% - 40%
44 Defense
1 - 0% - 60%
2 - 0% - 40%
Last Minute Offensive - 0:00
Last Minute Defensive - 0:00
Total
Forward - 60:00
Defense - 60:00
|
% Time on Ice - Kings
Lines # - Real PCT - Wanted PCT - Time Play
Normal Forward
1 - 36% - 40% - 17:04
2 - 27% - 30% - 12:56
3 - 23% - 25% - 10:52
4 - 13% - 5% - 6:21
Normal Defense
1 - 35% - 35% - 16:21
2 - 37% - 35% - 17:27
3 - 28% - 30% - 13:25
4 - 0% - 0% - 0:00
PP Forward
1 - 56% - 60% - 3:05
2 - 44% - 40% - 2:24
PP Defense
1 - 63% - 60% - 3:27
2 - 37% - 40% - 2:02
PK Forward
1 - 76% - 60% - 5:34
2 - 24% - 40% - 1:44
PK Defense
1 - 73% - 60% - 5:18
2 - 27% - 40% - 2:00
PK3 Forward
1 - 0% - 60%
2 - 0% - 40%
PK3 Defense
1 - 0% - 60%
2 - 0% - 40%
44 Forward
1 - 0% - 60%
2 - 0% - 40%
44 Defense
1 - 0% - 60%
2 - 0% - 40%
Last Minute Offensive - 0:00
Last Minute Defensive - 0:00
Total
Forward - 60:00
Defense - 60:00
|
Play-by-Play
1st period
0:01 of 1st period - Anze Kopitar wins face-off versus David Legwand in neutral zone.
0:06 of 1st period - Wrist shot by Claude Giroux.
0:06 of 1st period - Stopped by Jonathan Quick without a rebound.
0:07 of 1st period - Jordan Nolan wins face-off versus Maxim Talbot in Nordiques zone.
0:10 of 1st period - Snap shot by Maxim Afinogenov.
0:10 of 1st period - Shot Blocked by Dustin Byfuglien.
0:15 of 1st period - Minor Penalty to Dustin Byfuglien for Slashing.
0:16 of 1st period - Maxim Talbot wins face-off versus Anze Kopitar in Nordiques zone.
0:50 of 1st period - Snap shot by Anze Kopitar.
0:50 of 1st period - Deflect By Claude Giroux.
0:50 of 1st period - Shot Blocked by Trevor Daley.
0:50 of 1st period - Puck is out of play.
0:51 of 1st period - Maxim Talbot wins face-off versus Matt Stajan in Nordiques zone.
1:06 of 1st period - Wrist shot by Matt Stajan.
1:06 of 1st period - Goal by Matt Stajan - Nordiques : 0 - Kings : 1.
1:07 of 1st period - David Legwand wins face-off versus Anze Kopitar in neutral zone.
1:10 of 1st period - Dan Hamhuis is hit by Vladimir Tarasenko and loses puck.
1:38 of 1st period - Backhand shot by Daniel Carcillo.
1:38 of 1st period - Shot Misses the Net.
1:40 of 1st period - Slapshot by Jon Merrill.
1:40 of 1st period - Shot Misses the Net.
1:42 of 1st period - Snap shot by Jon Merrill.
1:42 of 1st period - Stopped by Jonathan Quick with a rebound.
1:44 of 1st period - Slapshot by Daniel Carcillo.
1:44 of 1st period - Shot Misses the Net.
1:46 of 1st period - Snap shot by Daniel Carcillo.
1:46 of 1st period - Shot Misses the Net.
2:16 of 1st period - Paul Gaustad is hit by Darroll Powe and loses puck.
2:42 of 1st period - Wrist shot by Fedor Tyutin.
2:42 of 1st period - Shot Blocked by Radko Gudas.
2:44 of 1st period - Slapshot by Dustin Byfuglien.
2:44 of 1st period - Deflect By David Legwand.
2:44 of 1st period - Shot Misses the Net.
2:44 of 1st period - Puck is out of play.
2:45 of 1st period - David Legwand wins face-off versus Matt Stajan in Kings zone.
2:52 of 1st period - Wrist shot by Evander Kane.
2:52 of 1st period - Deflect By Vladimir Tarasenko.
2:52 of 1st period - Stopped by Philipp Grubauer with a rebound.
2:54 of 1st period - Slapshot by T.J. Fast.
2:54 of 1st period - Shot Blocked by Darnell Nurse.
2:56 of 1st period - Slapshot by Trevor Daley.
2:56 of 1st period - Deflect By David Legwand.
2:56 of 1st period - Stopped by Philipp Grubauer without a rebound.
2:57 of 1st period - Anze Kopitar wins face-off versus Maxim Talbot in Kings zone.
3:16 of 1st period - R.J. Umberger is hit by Claude Giroux and loses puck.
3:29 of 1st period - Wrist shot by Brent Burns.
3:29 of 1st period - Stopped by Jonathan Quick with a rebound.
3:54 of 1st period - Off-side.
3:55 of 1st period - Mike Fisher wins face-off versus Matt Stajan in neutral zone.
4:46 of 1st period - Snap shot by Mike Brown.
4:46 of 1st period - Shot Misses the Net.
4:48 of 1st period - Slapshot by Dustin Byfuglien.
4:48 of 1st period - Shot Blocked by Daniel Carcillo.
4:50 of 1st period - Snap shot by Dustin Byfuglien.
4:50 of 1st period - Stopped by Philipp Grubauer with a rebound.
4:52 of 1st period - Slapshot by Jay Bouwmeester.
4:52 of 1st period - Shot Misses the Net.
5:18 of 1st period - Snap shot by Mike Fisher.
5:18 of 1st period - Stopped by Philipp Grubauer without a rebound.
5:19 of 1st period - David Legwand wins face-off versus Anze Kopitar in Kings zone.
5:48 of 1st period - Snap shot by Jordan Nolan.
5:48 of 1st period - Goal by Jordan Nolan - Nordiques : 0 - Kings : 2.
5:49 of 1st period - Jordan Nolan wins face-off versus Maxim Talbot in neutral zone.
6:22 of 1st period - Snap shot by Evander Kane.
6:22 of 1st period - Stopped by Philipp Grubauer without a rebound.
6:23 of 1st period - Anze Kopitar wins face-off versus Vladimir Tarasenko in Kings zone.
6:53 of 1st period - Off-side.
6:54 of 1st period - Jordan Nolan wins face-off versus Maxim Talbot in neutral zone.
7:05 of 1st period - Wrist shot by Maxim Afinogenov.
7:05 of 1st period - Stopped by Jonathan Quick with a rebound.
7:27 of 1st period - Snap shot by Claude Giroux.
7:27 of 1st period - Stopped by Jonathan Quick with a rebound.
7:54 of 1st period - Icing by Zac Rinaldo.
7:55 of 1st period - Paul Gaustad wins face-off versus Jordan Nolan in Nordiques zone.
8:05 of 1st period - Slapshot by Radko Gudas.
8:05 of 1st period - Stopped by Jonathan Quick without a rebound.
8:06 of 1st period - Anze Kopitar wins face-off versus David Legwand in Nordiques zone.
8:44 of 1st period - Icing by Jordan Nolan.
8:45 of 1st period - David Legwand wins face-off versus Maxim Afinogenov in Kings zone.
8:52 of 1st period - Wrist shot by Vladimir Tarasenko.
8:52 of 1st period - Stopped by Philipp Grubauer with a rebound.
9:18 of 1st period - Wrist shot by Anze Kopitar.
9:18 of 1st period - Deflect By Claude Giroux.
9:18 of 1st period - Goal by Claude Giroux - Nordiques : 0 - Kings : 3.
9:19 of 1st period - David Legwand wins face-off versus Anze Kopitar in neutral zone.
9:48 of 1st period - Snap shot by Daniel Carcillo.
9:48 of 1st period - Deflect By Kevin Hayes.
9:48 of 1st period - Stopped by Jonathan Quick without a rebound.
9:49 of 1st period - Matt Stajan wins face-off versus Maxim Talbot in Nordiques zone.
11:26 of 1st period - Snap shot by Peter Worrell.
11:26 of 1st period - Shot Misses the Net.
11:28 of 1st period - Slapshot by Brian McGrattan.
11:28 of 1st period - Shot Blocked by T.J. Fast.
11:30 of 1st period - Snap shot by Peter Worrell.
11:30 of 1st period - Stopped by Jonathan Quick with a rebound.
12:02 of 1st period - Snap shot by Evander Kane.
12:02 of 1st period - Shot Blocked by Radko Gudas.
12:10 of 1st period - Slapshot by Anze Kopitar.
12:10 of 1st period - Shot Blocked by David Legwand.
12:53 of 1st period - Slapshot by Jay Bouwmeester.
12:53 of 1st period - Shot Blocked by Loui Eriksson.
12:59 of 1st period - Ryan Ellis is hit by Maxim Afinogenov and loses puck.
13:23 of 1st period - Wrist shot by Mike Brown.
13:23 of 1st period - Stopped by Philipp Grubauer with a rebound.
13:33 of 1st period - Wrist shot by Mike Brown.
13:33 of 1st period - Stopped by Philipp Grubauer without a rebound.
13:34 of 1st period - David Legwand wins face-off versus Anze Kopitar in Kings zone.
13:41 of 1st period - Snap shot by Anze Kopitar.
13:41 of 1st period - Shot Misses the Net.
13:43 of 1st period - Snap shot by Claude Giroux.
13:43 of 1st period - Stopped by Jonathan Quick with a rebound.
13:45 of 1st period - Slapshot by Anze Kopitar.
13:45 of 1st period - Shot Blocked by Ryan Ellis.
13:47 of 1st period - Wrist shot by Matt Martin.
13:47 of 1st period - Shot Misses the Net.
13:49 of 1st period - Slapshot by Matt Martin.
13:49 of 1st period - Stopped by Jonathan Quick with a rebound.
13:51 of 1st period - Snap shot by Anze Kopitar.
13:51 of 1st period - Shot Misses the Net.
14:01 of 1st period - Jay Bouwmeester is hit by Daniel Carcillo and loses puck.
14:24 of 1st period - David Legwand is hit by Peter Worrell and loses puck.
14:59 of 1st period - Slapshot by Adam Pineault.
14:59 of 1st period - Stopped by Philipp Grubauer with a rebound.
16:26 of 1st period - James Sheppard is hit by Darnell Nurse and loses puck.
17:13 of 1st period - Mike Brown is hit by Claude Giroux and loses puck.
17:28 of 1st period - Dan Hamhuis is hit by Dustin Byfuglien and loses puck.
18:09 of 1st period - Vladimir Tarasenko is hit by Anze Kopitar and loses puck.
18:16 of 1st period - Minor Penalty to Anze Kopitar for Goalie Interference.
18:17 of 1st period - David Legwand wins face-off versus Matt Stajan in Kings zone.
18:49 of 1st period - Wrist shot by Adam Pineault.
18:49 of 1st period - Stopped by Philipp Grubauer with a rebound.
19:22 of 1st period - Off-side.
19:23 of 1st period - Jordan Nolan wins face-off versus Paul Gaustad in neutral zone.
19:35 of 1st period - Icing by Ryan Ellis.
19:36 of 1st period - Matt Stajan wins face-off versus Paul Gaustad in Nordiques zone.
19:49 of 1st period - Slapshot by Ryan Ellis.
19:49 of 1st period - Shot Blocked by Matt Stajan.
19:51 of 1st period - Snap shot by Paul Gaustad.
19:51 of 1st period - Stopped by Philipp Grubauer with a rebound.
19:53 of 1st period - Wrist shot by James Sheppard.
19:53 of 1st period - Nordiques goal is going for a video replay.
19:53 of 1st period - The goal is refused. The puck has been kicked using a distinct kicking motion..
19:54 of 1st period - David Legwand wins face-off versus Matt Stajan in Kings zone.
Goals for this period are 0 for Nordiques vs 3 for Kings.
Shots for this period are 12 for Nordiques vs 13 for Kings.
2nd period
0:01 of 2nd period - Daniel Carcillo wins face-off versus David Legwand in neutral zone.
0:16 of 2nd period - Penalty to Anze Kopitar is over, Anze Kopitar is back on ice.
0:22 of 2nd period - Ryan Ellis is hit by Matt Stajan and loses puck.
0:31 of 2nd period - Wrist shot by Jay Bouwmeester.
0:31 of 2nd period - Deflect By Evander Kane.
0:31 of 2nd period - Stopped by Philipp Grubauer without a rebound.
0:32 of 2nd period - Maxim Talbot wins face-off versus Anze Kopitar in Kings zone.
1:06 of 2nd period - Snap shot by Loui Eriksson.
1:06 of 2nd period - Stopped by Jonathan Quick without a rebound.
1:07 of 2nd period - Jordan Nolan wins face-off versus Vladimir Tarasenko in Nordiques zone.
1:22 of 2nd period - Snap shot by David Legwand.
1:22 of 2nd period - Stopped by Philipp Grubauer with a rebound.
1:24 of 2nd period - Slapshot by Ryan Ellis.
1:24 of 2nd period - Shot Blocked by Jordan Nolan.
1:38 of 2nd period - Slapshot by Maxim Talbot.
1:38 of 2nd period - Shot Misses the Net.
1:44 of 2nd period - Wrist shot by Maxim Talbot.
1:44 of 2nd period - Shot Misses the Net.
1:54 of 2nd period - Darnell Nurse is hit by Paul Gaustad and loses puck.
2:03 of 2nd period - Wrist shot by Jiri Hudler.
2:03 of 2nd period - Shot Blocked by Darnell Nurse.
2:39 of 2nd period - Icing by Trevor Daley.
2:40 of 2nd period - David Legwand wins face-off versus Jordan Nolan in Nordiques zone.
2:40 of 2nd period - David Legwand is hit by Loui Eriksson.
3:07 of 2nd period - Off-side.
3:08 of 2nd period - Matt Stajan wins face-off versus Maxim Talbot in neutral zone.
3:15 of 2nd period - Snap shot by Daniel Carcillo.
3:15 of 2nd period - Goal by Daniel Carcillo - Nordiques : 0 - Kings : 4.
3:16 of 2nd period - David Legwand wins face-off versus Anze Kopitar in neutral zone.
3:29 of 2nd period - Snap shot by Vladimir Tarasenko.
3:29 of 2nd period - Shot Blocked by Hampus Lindholm.
3:31 of 2nd period - Slapshot by Jay Bouwmeester.
3:31 of 2nd period - Shot Blocked by Hampus Lindholm.
4:01 of 2nd period - Icing by Mike Brown.
4:02 of 2nd period - Paul Gaustad wins face-off versus Loui Eriksson in Nordiques zone.
5:48 of 2nd period - Icing by T.J. Fast.
5:49 of 2nd period - Maxim Talbot wins face-off versus Kevin Hayes in Nordiques zone.
5:49 of 2nd period - Maxim Talbot is hit by Daniel Carcillo.
6:01 of 2nd period - Snap shot by R.J. Umberger.
6:01 of 2nd period - Stopped by Philipp Grubauer without a rebound.
6:02 of 2nd period - Jordan Nolan wins face-off versus David Legwand in Kings zone.
6:19 of 2nd period - Slapshot by Maxim Afinogenov.
6:19 of 2nd period - Stopped by Jonathan Quick without a rebound.
6:20 of 2nd period - Mike Brown wins face-off versus Daniel Carcillo in Nordiques zone.
7:05 of 2nd period - Icing by Hampus Lindholm.
7:06 of 2nd period - Maxim Talbot wins face-off versus Jordan Nolan in Kings zone.
7:09 of 2nd period - Slapshot by R.J. Umberger.
7:09 of 2nd period - Shot Misses the Net.
7:34 of 2nd period - Snap shot by Claude Giroux.
7:34 of 2nd period - Shot Misses the Net.
7:36 of 2nd period - Wrist shot by Matt Martin.
7:36 of 2nd period - Deflect By Anze Kopitar.
7:36 of 2nd period - Stopped by Jonathan Quick without a rebound.
7:37 of 2nd period - Anze Kopitar wins face-off versus David Legwand in Nordiques zone.
8:27 of 2nd period - Jon Merrill is hit by Jiri Hudler and loses puck.
8:50 of 2nd period - Slapshot by Matt Stajan.
8:50 of 2nd period - Stopped by Jonathan Quick with a rebound.
9:17 of 2nd period - Slapshot by Radko Gudas.
9:17 of 2nd period - Shot Misses the Net.
10:09 of 2nd period - Slapshot by T.J. Fast.
10:09 of 2nd period - Deflect By Darnell Nurse.
10:09 of 2nd period - Stopped by Philipp Grubauer with a rebound.
10:54 of 2nd period - Wrist shot by James Sheppard.
10:54 of 2nd period - Stopped by Philipp Grubauer without a rebound.
10:55 of 2nd period - Evander Kane wins face-off versus Anze Kopitar in Kings zone.
11:09 of 2nd period - Minor Penalty to Darnell Nurse for Holding.
11:10 of 2nd period - David Legwand wins face-off versus Matt Stajan in Kings zone.
11:24 of 2nd period - Snap shot by Evander Kane.
11:24 of 2nd period - Shot Misses the Net.
11:26 of 2nd period - Snap shot by Vladimir Tarasenko.
11:26 of 2nd period - Shot Misses the Net.
12:01 of 2nd period - Snap shot by Anze Kopitar.
12:01 of 2nd period - Stopped by Jonathan Quick without a rebound.
12:02 of 2nd period - David Legwand wins face-off versus Matt Stajan in Nordiques zone.
12:11 of 2nd period - Snap shot by Evander Kane.
12:11 of 2nd period - Stopped by Philipp Grubauer with a rebound.
12:25 of 2nd period - Jon Merrill is hit by Vladimir Tarasenko and loses puck.
12:30 of 2nd period - Wrist shot by Evander Kane.
12:30 of 2nd period - Goal by Evander Kane - Nordiques : 1 - Kings : 4.
12:31 of 2nd period - Matt Martin wins face-off versus David Legwand in neutral zone.
12:42 of 2nd period - Wrist shot by Claude Giroux.
12:42 of 2nd period - Stopped by Jonathan Quick without a rebound.
12:43 of 2nd period - David Legwand wins face-off versus Anze Kopitar in Nordiques zone.
12:54 of 2nd period - Snap shot by Anze Kopitar.
12:54 of 2nd period - Goal by Anze Kopitar - Nordiques : 1 - Kings : 5.
12:55 of 2nd period - Anze Kopitar wins face-off versus David Legwand in neutral zone.
13:22 of 2nd period - Ryan Ellis is hit by Jordan Nolan and loses puck.
13:31 of 2nd period - Wrist shot by Maxim Afinogenov.
13:31 of 2nd period - Shot Misses the Net.
14:48 of 2nd period - Wrist shot by Jiri Hudler.
14:48 of 2nd period - Stopped by Philipp Grubauer with a rebound.
14:50 of 2nd period - Wrist shot by Jay Bouwmeester.
14:50 of 2nd period - Shot Blocked by Radko Gudas.
15:06 of 2nd period - Wrist shot by Maxim Talbot.
15:06 of 2nd period - Shot Misses the Net.
15:16 of 2nd period - Slapshot by Hampus Lindholm.
15:16 of 2nd period - Stopped by Jonathan Quick without a rebound.
15:17 of 2nd period - Anze Kopitar wins face-off versus Mike Fisher in Nordiques zone.
16:16 of 2nd period - Brian McGrattan is hit by Zac Rinaldo and loses puck.
16:39 of 2nd period - Snap shot by Kevin Hayes.
16:39 of 2nd period - Shot Misses the Net.
16:48 of 2nd period - Icing by Trevor Daley.
16:49 of 2nd period - David Legwand wins face-off versus Anze Kopitar in Nordiques zone.
17:59 of 2nd period - Wrist shot by Matt Martin.
17:59 of 2nd period - Shot Misses the Net.
18:07 of 2nd period - Slapshot by Ryan Ellis.
18:07 of 2nd period - Stopped by Philipp Grubauer with a rebound.
18:47 of 2nd period - Minor Penalty to James Sheppard for High sticking.
18:48 of 2nd period - R.J. Umberger wins face-off versus Anze Kopitar in Nordiques zone.
Goals for this period are 1 for Nordiques vs 2 for Kings.
Shots for this period are 9 for Nordiques vs 9 for Kings.
3rd period
0:01 of 3rd period - Anze Kopitar wins face-off versus Maxim Talbot in neutral zone.
0:47 of 3rd period - Penalty to James Sheppard is over, James Sheppard is back on ice.
1:04 of 3rd period - Snap shot by David Legwand.
1:04 of 3rd period - Stopped by Philipp Grubauer with a rebound.
1:38 of 3rd period - Snap shot by Claude Giroux.
1:38 of 3rd period - Stopped by Jonathan Quick without a rebound.
1:39 of 3rd period - Maxim Talbot wins face-off versus Kevin Hayes in Nordiques zone.
2:28 of 3rd period - Snap shot by Jay Bouwmeester.
2:28 of 3rd period - Stopped by Philipp Grubauer with a rebound.
3:18 of 3rd period - Snap shot by James Sheppard.
3:18 of 3rd period - Stopped by Philipp Grubauer with a rebound.
3:20 of 3rd period - Slapshot by T.J. Fast.
3:20 of 3rd period - Shot Misses the Net.
3:31 of 3rd period - Icing by Dan Hamhuis.
3:32 of 3rd period - Paul Gaustad wins face-off versus Jordan Nolan in Kings zone.
3:35 of 3rd period - Snap shot by Evander Kane.
3:35 of 3rd period - Stopped by Philipp Grubauer without a rebound.
3:36 of 3rd period - David Legwand wins face-off versus Anze Kopitar in Kings zone.
3:43 of 3rd period - Slapshot by Evander Kane.
3:43 of 3rd period - Stopped by Philipp Grubauer without a rebound.
3:44 of 3rd period - David Legwand wins face-off versus Anze Kopitar in Kings zone.
4:04 of 3rd period - Minor Penalty to Matt Martin for Tripping.
4:05 of 3rd period - David Legwand wins face-off versus Daniel Carcillo in Kings zone.
6:04 of 3rd period - Penalty to Matt Martin is over, Matt Martin is back on ice.
7:12 of 3rd period - Snap shot by Jiri Hudler.
7:12 of 3rd period - Shot Misses the Net.
7:14 of 3rd period - Slapshot by Paul Gaustad.
7:14 of 3rd period - Stopped by Philipp Grubauer with a rebound.
7:24 of 3rd period - Backhand shot by Hampus Lindholm.
7:24 of 3rd period - Stopped by Jonathan Quick without a rebound.
7:25 of 3rd period - Matt Stajan wins face-off versus David Legwand in Nordiques zone.
7:28 of 3rd period - Snap shot by Daniel Carcillo.
7:28 of 3rd period - Stopped by Jonathan Quick without a rebound.
7:29 of 3rd period - David Legwand wins face-off versus Matt Stajan in Nordiques zone.
7:29 of 3rd period - David Legwand is hit by Daniel Carcillo.
7:49 of 3rd period - Vladimir Tarasenko is hit by Daniel Carcillo and loses puck.
8:18 of 3rd period - Wrist shot by Daniel Carcillo.
8:18 of 3rd period - Shot Blocked by Vladimir Tarasenko.
8:20 of 3rd period - Slapshot by Brent Burns.
8:20 of 3rd period - Stopped by Jonathan Quick without a rebound.
8:21 of 3rd period - Anze Kopitar wins face-off versus Adam Pineault in Nordiques zone.
8:27 of 3rd period - Minor Penalty to Dustin Byfuglien for Tripping.
8:28 of 3rd period - Anze Kopitar wins face-off versus Maxim Talbot in Nordiques zone.
8:35 of 3rd period - Slapshot by Darnell Nurse.
8:35 of 3rd period - Stopped by Jonathan Quick with a rebound.
8:37 of 3rd period - Slapshot by Darnell Nurse.
8:37 of 3rd period - Stopped by Jonathan Quick with a rebound.
8:39 of 3rd period - Slapshot by Hampus Lindholm.
8:39 of 3rd period - Shot Blocked by Ryan Ellis.
10:27 of 3rd period - Penalty to Dustin Byfuglien is over, Dustin Byfuglien is back on ice.
10:43 of 3rd period - Slapshot by Darroll Powe.
10:43 of 3rd period - Stopped by Jonathan Quick with a rebound.
10:55 of 3rd period - T.J. Fast is hit by Jordan Nolan and loses puck.
11:13 of 3rd period - Brent Burns is hit by Jay Bouwmeester and loses puck.
11:28 of 3rd period - Vladimir Tarasenko is hit by Claude Giroux and loses puck.
11:54 of 3rd period - Icing by Dustin Byfuglien.
11:55 of 3rd period - Paul Gaustad wins face-off versus Matt Stajan in Nordiques zone.
11:55 of 3rd period - Paul Gaustad is hit by Radko Gudas.
12:14 of 3rd period - Icing by Matt Stajan.
12:15 of 3rd period - David Legwand wins face-off versus Anze Kopitar in Kings zone.
12:16 of 3rd period - Wrist shot by Evander Kane.
12:16 of 3rd period - Deflect By David Legwand.
12:16 of 3rd period - Shot Hit the Post.
12:16 of 3rd period - Puck is out of play.
12:17 of 3rd period - Anze Kopitar wins face-off versus David Legwand in Kings zone.
12:22 of 3rd period - Snap shot by Claude Giroux.
12:22 of 3rd period - Stopped by Jonathan Quick with a rebound.
12:24 of 3rd period - Snap shot by Claude Giroux.
12:24 of 3rd period - Stopped by Jonathan Quick without a rebound.
12:25 of 3rd period - Anze Kopitar wins face-off versus David Legwand in Nordiques zone.
12:36 of 3rd period - Brent Burns is hit by Dustin Byfuglien and loses puck.
13:07 of 3rd period - Kevin Hayes is hit by Maxim Talbot and loses puck.
13:38 of 3rd period - Jiri Hudler is hit by Anze Kopitar and loses puck.
13:43 of 3rd period - Wrist shot by Claude Giroux.
13:43 of 3rd period - Stopped by Jonathan Quick without a rebound.
13:44 of 3rd period - David Legwand wins face-off versus Anze Kopitar in Nordiques zone.
13:49 of 3rd period - Wrist shot by Evander Kane.
13:49 of 3rd period - Shot Misses the Net.
14:37 of 3rd period - Slapshot by Matt Stajan.
14:37 of 3rd period - Goal by Matt Stajan - Nordiques : 1 - Kings : 6.
14:38 of 3rd period - Anze Kopitar wins face-off versus David Legwand in neutral zone.
15:05 of 3rd period - Jordan Nolan is hit by Maxim Talbot and loses puck.
15:26 of 3rd period - Daniel Carcillo is hit by Dustin Byfuglien and loses puck.
15:31 of 3rd period - Wrist shot by Jiri Hudler.
15:31 of 3rd period - Stopped by Philipp Grubauer without a rebound.
15:32 of 3rd period - David Legwand wins face-off versus Anze Kopitar in Kings zone.
16:08 of 3rd period - Icing by Evander Kane.
16:09 of 3rd period - Jordan Nolan wins face-off versus David Legwand in Nordiques zone.
16:11 of 3rd period - Minor Penalty to Loui Eriksson for Holding.
16:12 of 3rd period - David Legwand wins face-off versus Matt Stajan in Kings zone.
17:58 of 3rd period - Jon Merrill is hit by David Legwand and loses puck.
18:11 of 3rd period - Penalty to Loui Eriksson is over, Loui Eriksson is back on ice.
18:30 of 3rd period - Off-side.
18:31 of 3rd period - Anze Kopitar wins face-off versus James Sheppard in neutral zone.
19:16 of 3rd period - Wrist shot by Darroll Powe.
19:16 of 3rd period - Deflect By Peter Worrell.
19:16 of 3rd period - Shot Misses the Net.
19:16 of 3rd period - Puck is out of play.
19:17 of 3rd period - David Legwand wins face-off versus Anze Kopitar in Nordiques zone.
19:19 of 3rd period - Minor Penalty to Evander Kane for Hooking.
19:20 of 3rd period - Anze Kopitar wins face-off versus Maxim Talbot in Nordiques zone.
Goals for this period are 0 for Nordiques vs 1 for Kings.
Shots for this period are 7 for Nordiques vs 11 for Kings.
Back to the Top